Workbook
Name \c: #REF!
Name \X: [1]!ERR
Name \Z: [1]!ERR
Name _________________________EQP1: #REF!
Name _________________________EQP10: #REF!
Name _________________________EQP11: #REF!
Name _________________________EQP12: #REF!
Name _________________________EQP13: #REF!
Name _________________________EQP14: #REF!
Name _________________________EQP15: #REF!
Name _________________________EQP16: #REF!
Name _________________________EQP17: #REF!
Name _________________________EQP18: #REF!
Name _________________________EQP19: #REF!
Name _________________________EQP2: #REF!
Name _________________________EQP20: #REF!
Name _________________________EQP3: #REF!
Name _________________________EQP4: #REF!
Name _________________________EQP5: #REF!
Name _________________________EQP6: #REF!
Name _________________________EQP7: #REF!
Name _________________________EQP8: #REF!
Name _________________________EQP9: #REF!
Name _________________________MAT1: #REF!
Name _________________________MAT10: #REF!
Name _________________________MAT11: #REF!
Name _________________________MAT12: #REF!
Name _________________________MAT13: #REF!
Name _________________________MAT14: #REF!
Name _________________________MAT15: #REF!
Name _________________________MAT16: #REF!
Name _________________________MAT17: #REF!
Name _________________________MAT18: #REF!
Name _________________________MAT19: #REF!
Name _________________________MAT2: #REF!
Name _________________________MAT20: #REF!
Name _________________________MAT21: #REF!
Name _________________________MAT22: #REF!
Name _________________________MAT23: #REF!
Name _________________________MAT24: #REF!
Name _________________________MAT25: #REF!
Name _________________________MAT26: #REF!
Name _________________________MAT27: #REF!
Name _________________________MAT28: #REF!
Name _________________________MAT29: #REF!
Name _________________________MAT3: #REF!
Name _________________________MAT30: #REF!
Name _________________________MAT31: #REF!
Name _________________________MAT32: #REF!
Name _________________________MAT33: #REF!
Name _________________________MAT34: #REF!
Name _________________________MAT35: #REF!
Name _________________________MAT36: #REF!
Name _________________________MAT37: #REF!
Name _________________________MAT4: #REF!
Name _________________________MAT5: #REF!
Name _________________________MAT6: #REF!
Name _________________________MAT7: #REF!
Name _________________________MAT8: #REF!
Name _________________________MAT9: #REF!

Sheet PPTO
D2: MC 22 DE 2023 "MANTENIMIENTO, ADECUACIONES Y REPARACIONES LOCATIVAS A LA TORRE ABC Y PLAZA DE BANDERAS DEL PALACIO DE JUSTICIA DE SINCELEJO"
B5: CONTRATISTA DE OBRAS: | D5: ING. OSCAR ENRIQUE GUERRA OÑATE | J5: FECHA INICIO: | L5: 30 DE NOVIEMBRE DE 2023
B6: CONTRATISTA INTERVENTOR: | D6: N/A | J6: FECHA DE ACTA: | L6: 14 DICIEMBRE DE 2023
B7: SUPERVISION DE OBRAS: | D7: ING. FRANCY LORENA HERNANDEZ ARRIETA | J7: TIPO DE ACTA: | L7: BALANCE DE OBRA Nro. 1
B9: CONDICIONES INICIALES | H9: CONDICIONES ACTUALIZADAS
B10: ITEM | C10: DESCRIPCIÓN | D10: UNIDAD | E10: CANTIDAD | F10: VALOR UNITARIO | G10: VALOR PARCIAL | H10: CANTIDADES | J10: VALORES | L10: CANTIDAD FINAL | M10: VALOR FINAL
H11: MENORES (-) | I11: MAYORES (+) | J11: MENORES (-) | K11: MAYORES (+)
B14: 1 | C14: PLAZA DE BANDERAS
B15: 1.1 | C15: EXCAVACIÓN MANUAL DE MATERIAL HETEROGÉNEO DE 0-2 M., BAJO CUALQUIER GRADO DE HUMEDAD INCLUYE ACARRERO INTERNO. | D15: M3 | E15: 10 | F15: 32500 | G15: =E15*F15 -> 325000 | H15: =+IF(L15>E15,0,E15-L15) -> 0 | I15: =+IF(L15>E15,L15-E15,0) -> 0 | J15: =+H15*F15 -> 0 | K15: =+I15*F15 -> 0 | L15: 10 | M15: =L15*F15 -> 325000
B16: 1.2 | C16: RETIRO Y ALMACENAMIENTO TEMPORAL EN ZONAS ALEDAÑAS DE TIERRA DE RELLENO Y DE LAS PLANTAS, RE SIEMBRA DE ARBOLES Y PLANTAS CON EL MATERIAL RETIRADO UNA VEZ SE IMPERMEABILICE JARDINERA DE ORIGEN. | D16: GLOBAL | E16: 1 | F16: 815000 | G16: =E16*F16 -> 815000 | H16: =+IF(L16>E16,0,E16-L16) -> 0 | I16: =+IF(L16>E16,L16-E16,0) -> 0 | J16: =+H16*F16 -> 0 | K16: =+I16*F16 -> 0 | L16: 1 | M16: =L16*F16 -> 815000
B17: 1.3 | C17: PLANTILLA DE NIVELACIÓN IMPERMEABILIZADO CONCRETO DE 3000 PSI ACABADO ALLANADO, H :10 CM, REFORZADO CON MALLA ELECTROSOLDADA D84 Y FABRICADO CON MEDIOS MECÁNICOS, DEBERÁ VACIARSE DE ACUERDO A LA CONFORMACIÓN DE LAS PENDIENTES PARA AJUSTÁR EL SISTEMA DE EVACUACIÓN DE AGUAS LLUVIAS. | D17: M2 | E17: 10 | F17: 88000 | G17: =E17*F17 -> 880000 | H17: =+IF(L17>E17,0,E17-L17) -> 10 | I17: =+IF(L17>E17,L17-E17,0) -> 0 | J17: =+H17*F17 -> 880000 | K17: =+I17*F17 -> 0 | L17: 0 | M17: =L17*F17 -> 0
B18: 1.4 | C18: IMPERMEABILIZACIÓN DE PISO CON MEMBRANA DE PVC FLEXIBLE DE 1,2MM DE ESPESOR PARA IMPERMEABILIZAR CUBIERTAS NO EXPUESTAS, NO RESISTENTE A RAYOS UV, CON REFUERZO PARA CUBIERTAS CON ACABADO DURO, Y REFUERZO DE FIBRA POLIÉSTER DE ALTA TENACIDAD, ADHERIDA A LA SUPERFICIE CON ADHESIVO A BASE DE AGUA. (INCLUYE LIMPIEZA Y PREPARACIÓN NECESARIA DE LA SUPERFICIE A IMPERMEABILIZAR, PERFILES GEOTEXTIL DE SEPARACION Y TODOS LOS DEMÁS ELEMENTOS NECESARIOS PARA SU CORRECTO FUNCIONAMIENTO) | D18: M2 | E18: 10 | F18: 104750 | G18: =E18*F18 -> 1047500 | H18: =+IF(L18>E18,0,E18-L18) -> 10 | I18: =+IF(L18>E18,L18-E18,0) -> 0 | J18: =+H18*F18 -> 1047500 | K18: =+I18*F18 -> 0 | L18: 0 | M18: =L18*F18 -> 0
B19: 1.5 | C19: FILTRO DE TUBERIA PERFORADA PARA DRENAJE DE JARDINERAS | D19: ML | E19: 3 | F19: 31500 | G19: =E19*F19 -> 94500 | H19: =+IF(L19>E19,0,E19-L19) -> 0 | I19: =+IF(L19>E19,L19-E19,0) -> 0 | J19: =+H19*F19 -> 0 | K19: =+I19*F19 -> 0 | L19: 3 | M19: =L19*F19 -> 94500
B20: INP | C20: ITEMS NO PREVISTOS
B21: INP 15 | C21: ESTRUCTURA DE CONTENCION | D21: M2 | F21: 359802 | H21: =+IF(L21>E21,0,E21-L21) -> 0 | I21: =+IF(L21>E21,L21-E21,0) -> 8 | J21: =+H21*F21 -> 0 | K21: =+I21*F21 -> 2878416 | L21: 8 | M21: =L21*F21 -> 2878416
B22: TOTAL COSTO DIRECTO PLAZA DE BANDERAS
B23: TORRE C PISO 2
B24: 1 | C24: DESMONTES Y DEMOLICIONES
B25: 1.1 | C25: Demolicion de muro | D25: M2 | E25: 25 | F25: 22900 | G25: =E25*F25 -> 572500 | H25: =+IF(L25>E25,0,E25-L25) -> 15 | I25: =+IF(L25>E25,L25-E25,0) -> 0 | J25: =+H25*F25 -> 343500 | K25: =+I25*F25 -> 0 | L25: 10 | M25: =L25*F25 -> 229000
B26: 1.2 | C26: Demolicion de muro lavatrapero | D26: M2 | E26: 2 | F26: 22900 | G26: =E26*F26 -> 45800 | H26: =+IF(L26>E26,0,E26-L26) -> 0 | I26: =+IF(L26>E26,L26-E26,0) -> 0 | J26: =+H26*F26 -> 0 | K26: =+I26*F26 -> 0 | L26: 2 | M26: =L26*F26 -> 45800
B27: 1.3 | C27: Desmonte de mueble de cocina | D27: UND | E27: 1 | F27: 30000 | G27: =E27*F27 -> 30000 | H27: =+IF(L27>E27,0,E27-L27) -> 0 | I27: =+IF(L27>E27,L27-E27,0) -> 0 | J27: =+H27*F27 -> 0 | K27: =+I27*F27 -> 0 | L27: 1 | M27: =L27*F27 -> 30000
B28: 1.4 | C28: Desmonte de gabetero de cocina | D28: UND | E28: 1 | F28: 30000 | G28: =E28*F28 -> 30000 | H28: =+IF(L28>E28,0,E28-L28) -> 0 | I28: =+IF(L28>E28,L28-E28,0) -> 0 | J28: =+H28*F28 -> 0 | K28: =+I28*F28 -> 0 | L28: 1 | M28: =L28*F28 -> 30000
B29: 1.5 | C29: Desmonte de ventana | D29: UND | E29: 3 | F29: 31400 | G29: =E29*F29 -> 94200 | H29: =+IF(L29>E29,0,E29-L29) -> 1 | I29: =+IF(L29>E29,L29-E29,0) -> 0 | J29: =+H29*F29 -> 31400 | K29: =+I29*F29 -> 0 | L29: 2 | M29: =L29*F29 -> 62800
B30: 1.6 | C30: Desmonte de puerta | D30: UND | E30: 2 | F30: 33900 | G30: =E30*F30 -> 67800 | H30: =+IF(L30>E30,0,E30-L30) -> 0 | I30: =+IF(L30>E30,L30-E30,0) -> 2 | J30: =+H30*F30 -> 0 | K30: =+I30*F30 -> 67800 | L30: 4 | M30: =L30*F30 -> 135600
B31: 1.7 | C31: Desmonte de luminaria | D31: UND | E31: 12 | F31: 5250 | G31: =E31*F31 -> 63000 | H31: =+IF(L31>E31,0,E31-L31) -> 5 | I31: =+IF(L31>E31,L31-E31,0) -> 0 | J31: =+H31*F31 -> 26250 | K31: =+I31*F31 -> 0 | L31: 7 | M31: =L31*F31 -> 36750
B32: 2 | C32: MAMPOSTERIA
B33: 2.1 | C33: Levante de muro en dry wall | D33: M2 | E33: 15 | F33: 126055 | G33: =E33*F33 -> 1890825 | H33: =+IF(L33>E33,0,E33-L33) -> 0 | I33: =+IF(L33>E33,L33-E33,0) -> 0 | J33: =+H33*F33 -> 0 | K33: =+I33*F33 -> 0 | L33: 15 | M33: =L33*F33 -> 1890825
B34: 2.2 | C34: levante en bloque ,09 | D34: M2 | E34: 4 | F34: 35890 | G34: =E34*F34 -> 143560 | H34: =+IF(L34>E34,0,E34-L34) -> 0 | I34: =+IF(L34>E34,L34-E34,0) -> 2 | J34: =+H34*F34 -> 0 | K34: =+I34*F34 -> 71780 | L34: 6 | M34: =L34*F34 -> 215340
B35: 2.3 | C35: Losa de concreto reforzada (Incluye perfiles metalicos) | D35: M2 | E35: 23 | F35: 350000 | G35: =E35*F35 -> 8050000 | H35: =+IF(L35>E35,0,E35-L35) -> 23 | I35: =+IF(L35>E35,L35-E35,0) -> 0 | J35: =+H35*F35 -> 8050000 | K35: =+I35*F35 -> 0 | L35: 0 | M35: =L35*F35 -> 0
B36: 2.4 | C36: Resane de muro | D36: M2 | E36: 15 | F36: 21470.5 | G36: =E36*F36 -> 322057.5 | H36: =+IF(L36>E36,0,E36-L36) -> 10 | I36: =+IF(L36>E36,L36-E36,0) -> 0 | J36: =+H36*F36 -> 214705 | K36: =+I36*F36 -> 0 | L36: 5 | M36: =L36*F36 -> 107352.5
B37: 3 | C37: INSTALACIONES ELECTRICAS
B38: 3.01 | C38: Suministro e instalacion de conductor CU Calibre 1x12F+1x12N+1x12T O -2 600V | D38: ML | E38: 5 | F38: 22000 | G38: =E38*F38 -> 110000 | H38: =+IF(L38>E38,0,E38-L38) -> 0 | I38: =+IF(L38>E38,L38-E38,0) -> 50 | J38: =+H38*F38 -> 0 | K38: =+I38*F38 -> 1100000 | L38: 55 | M38: =L38*F38 -> 1210000
B39: 3.02 | C39: Suministro e instalacion de tuberia Conduit 1/2" | D39: ML | E39: 5 | F39: 50000 | G39: =E39*F39 -> 250000 | H39: =+IF(L39>E39,0,E39-L39) -> 0 | I39: =+IF(L39>E39,L39-E39,0) -> 45 | J39: =+H39*F39 -> 0 | K39: =+I39*F39 -> 2250000 | L39: 50 | M39: =L39*F39 -> 2500000
B40: 3.03 | C40: Punto Electrico para lamparas | D40: UND | E40: 4 | F40: 109050 | G40: =E40*F40 -> 436200 | H40: =+IF(L40>E40,0,E40-L40) -> 0 | I40: =+IF(L40>E40,L40-E40,0) -> 6 | J40: =+H40*F40 -> 0 | K40: =+I40*F40 -> 654300 | L40: 10 | M40: =L40*F40 -> 1090500
B41: 3.04 | C41: Punto Electrico para aire acondicionado | D41: UND | E41: 2 | F41: 150000 | G41: =E41*F41 -> 300000 | H41: =+IF(L41>E41,0,E41-L41) -> 0 | I41: =+IF(L41>E41,L41-E41,0) -> 1 | J41: =+H41*F41 -> 0 | K41: =+I41*F41 -> 150000 | L41: 3 | M41: =L41*F41 -> 450000
B42: 3.05 | C42: Punto electrico para toma corriente común, incluye toma doble | D42: UND | E42: 8 | F42: 65000 | G42: =E42*F42 -> 520000 | H42: =+IF(L42>E42,0,E42-L42) -> 0 | I42: =+IF(L42>E42,L42-E42,0) -> 4 | J42: =+H42*F42 -> 0 | K42: =+I42*F42 -> 260000 | L42: 12 | M42: =L42*F42 -> 780000
B43: 3.06 | C43: Suministro e instalacion de aire acondicionado 24.000 btu incluye accesorios | D43: UN | E43: 2 | F43: 2500000 | G43: =E43*F43 -> 5000000 | H43: =+IF(L43>E43,0,E43-L43) -> 2 | I43: =+IF(L43>E43,L43-E43,0) -> 0 | J43: =+H43*F43 -> 5000000 | K43: =+I43*F43 -> 0 | L43: 0 | M43: =L43*F43 -> 0
B44: 3.07 | C44: Suministro e instalacion de luminaria led 60x60 de 48w, incluye todo lo necesario para su correcta instalacion | D44: UND | E44: 8 | F44: 220000 | G44: =E44*F44 -> 1760000 | H44: =+IF(L44>E44,0,E44-L44) -> 0 | I44: =+IF(L44>E44,L44-E44,0) -> 2 | J44: =+H44*F44 -> 0 | K44: =+I44*F44 -> 440000 | L44: 10 | M44: =L44*F44 -> 2200000
B45: 3.08 | C45: Suministro e instalacion de tomacorriente doble a 110v sobre canaleta plastica, | D45: UND | E45: 5 | F45: 18500 | G45: =E45*F45 -> 92500 | H45: =+IF(L45>E45,0,E45-L45) -> 0 | I45: =+IF(L45>E45,L45-E45,0) -> 1 | J45: =+H45*F45 -> 0 | K45: =+I45*F45 -> 18500 | L45: 6 | M45: =L45*F45 -> 111000
B46: 3.09 | C46: Suministro e instalacion de tomacorriente regulado doble a 120v sobre canaleta plastica, | D46: UND | E46: 5 | F46: 20000 | G46: =E46*F46 -> 100000 | H46: =+IF(L46>E46,0,E46-L46) -> 0 | I46: =+IF(L46>E46,L46-E46,0) -> 1 | J46: =+H46*F46 -> 0 | K46: =+I46*F46 -> 20000 | L46: 6 | M46: =L46*F46 -> 120000
B47: 3.1 | C47: Suministro e instalacion de switch rackeable 16 puertos | D47: UND | E47: 1 | F47: 615000 | G47: =E47*F47 -> 615000 | H47: =+IF(L47>E47,0,E47-L47) -> 0 | I47: =+IF(L47>E47,L47-E47,0) -> 0 | J47: =+H47*F47 -> 0 | K47: =+I47*F47 -> 0 | L47: 1 | M47: =L47*F47 -> 615000
B48: 3.11 | C48: Suministro e instalacion de gabinete para switch rackeable 16 puertos | D48: UND | E48: 1 | F48: 183000 | G48: =E48*F48 -> 183000 | H48: =+IF(L48>E48,0,E48-L48) -> 0 | I48: =+IF(L48>E48,L48-E48,0) -> 0 | J48: =+H48*F48 -> 0 | K48: =+I48*F48 -> 0 | L48: 1 | M48: =L48*F48 -> 183000
B49: 3.12 | C49: Suministro e instalacion de jack RJ45cat 6 | D49: UND | E49: 10 | F49: 11625 | G49: =E49*F49 -> 116250 | H49: =+IF(L49>E49,0,E49-L49) -> 0 | I49: =+IF(L49>E49,L49-E49,0) -> 0 | J49: =+H49*F49 -> 0 | K49: =+I49*F49 -> 0 | L49: 10 | M49: =L49*F49 -> 116250
... B55: 3.18 | C55: suministro e instalacion de señalizacion institucional de 0.30m x 0.18m, impresion digital en vinilo adhesivo plastificado sobre acrilico de 2 MM de grosor, en alta resolucion incluye cinta y doble faz para instlacion o sistemas de fijacion en muro (TORNILLO Y CHAZO EN CASO DE SER NECESARIO). | D55: UN | E55: 2 | F55: 52500 | G55: =E55*F55 -> 105000 | H55: =+IF(L55>E55,0,E55-L55) -> 0 | I55: =+IF(L55>E55,L55-E55,0) -> 1 | J55: =+H55*F55 -> 0 | K55: =+I55*F55 -> 52500 | L55: 3 | M55: =L55*F55 -> 157500
B56: 4 | C56: PISOS Y ACABADOS
B57: 4.01 | C57: Piso ceramico antidezlizante trafico 5 | D57: M2 | E57: 20 | F57: 60000 | G57: =E57*F57 -> 1200000 | H57: =+IF(L57>E57,0,E57-L57) -> 0 | I57: 0 | J57: =+H57*F57 -> 0 | K57: =+I57*F57 -> 0 | L57: 20 | M57: =L57*F57 -> 1200000
B58: 4.02 | C58: zocalo ceramico | D58: ML | E58: 20 | F58: 20500 | G58: =E58*F58 -> 410000 | H58: =+IF(L58>E58,0,E58-L58) -> 0 | I58: 0 | J58: =+H58*F58 -> 0 | K58: =+I58*F58 -> 0 | L58: 20 | M58: =L58*F58 -> 410000
B59: 4.03 | C59: Pintura en vinilo ( tipo viniltex) | D59: M2 | E59: 91.15 | F59: 22750 | G59: =E59*F59 -> 2073662.5 | H59: =+IF(L59>E59,0,E59-L59) -> 0 | I59: =+IF(L59>E59,L59-E59,0) -> 43.2 | J59: =+H59*F59 -> 0 | K59: =+I59*F59 -> 982800 | L59: 134.35 | M59: =L59*F59 -> 3056462.5
B60: 4.04 | C60: Mantenimiento de cielo razo | D60: M2 | E60: 40 | F60: 35750 | G60: =E60*F60 -> 1430000 | H60: =+IF(L60>E60,0,E60-L60) -> 20 | I60: =+IF(L60>E60,L60-E60,0) -> 0 | J60: =+H60*F60 -> 715000 | K60: =+I60*F60 -> 0 | L60: 20 | M60: =L60*F60 -> 715000
B61: 4.05 | C61: Instalacion y suministro de puerta en vidrio | D61: UND | E61: 3 | F61: 1250000 | G61: =E61*F61 -> 3750000 | H61: =+IF(L61>E61,0,E61-L61) -> 0 | I61: =+IF(L61>E61,L61-E61,0) -> 0 | J61: =+H61*F61 -> 0 | K61: =+I61*F61 -> 0 | L61: 3 | M61: =L61*F61 -> 3750000
B62: 4.06 | C62: Instalacion y suministro de ventana | D62: UND | E62: 3 | F62: 395000 | G62: =E62*F62 -> 1185000 | H62: =+IF(L62>E62,0,E62-L62) -> 1 | I62: =+IF(L62>E62,L62-E62,0) -> 0 | J62: =+H62*F62 -> 395000 | K62: =+I62*F62 -> 0 | L62: 2 | M62: =L62*F62 -> 790000
C63: ITEMS TRASLADADOS
B64: 1.2 | C64: =+C84 -> Demolicion de Enchape | D64: m2 | F64: =+F84 -> 22500 | H64: =+IF(L64>E64,0,E64-L64) -> 0 | I64: 8 | J64: =+H64*F64 -> 0 | K64: =+I64*F64 -> 180000 | L64: 8 | M64: =L64*F64 -> 180000
B65: INP | C65: ITEMS NO PREVISTOS
B66: INP 1 | C66: Desmonte de cielo raso en drywall | D66: M2 | F66: 19890 | H66: =+IF(L66>E66,0,E66-L66) -> 0 | I66: =+IF(L66>E66,L66-E66,0) -> 18 | J66: =+H66*F66 -> 0 | K66: =+I66*F66 -> 358020 | L66: 18 | M66: =L66*F66 -> 358020
B67: INP 2 | C67: Anulacion de puntos hidraulicos y sanitarios existentes | D67: UND | F67: 18970 | H67: =+IF(L67>E67,0,E67-L67) -> 0 | I67: =+IF(L67>E67,L67-E67,0) -> 11 | J67: =+H67*F67 -> 0 | K67: =+I67*F67 -> 208670 | L67: 11 | M67: =L67*F67 -> 208670
B68: INP 3 | C68: Muro estructural con bloque 0,15m con dovelas en acero de 3/8" relleno con concreto | D68: M2 | F68: =+'APU NP3'!M59 -> 109522 | H68: =+IF(L68>E68,0,E68-L68) -> 0 | I68: =+IF(L68>E68,L68-E68,0) -> 22 | J68: =+H68*F68 -> 0 | K68: =+I68*F68 -> 2409484 | L68: 22 | M68: =L68*F68 -> 2409484
B69: INP 4 | C69: Concreto de 3000 psi para losa, incluye soporte en perfiles metalicos y superboard | D69: M2 | F69: =+'APU NP4'!M58 -> 324458 | H69: =+IF(L69>E69,0,E69-L69) -> 0 | I69: =+IF(L69>E69,L69-E69,0) -> 13 | J69: =+H69*F69 -> 0 | K69: =+I69*F69 -> 4217954 | L69: 13 | M69: =L69*F69 -> 4217954
B70: INP 5 | C70: Construccion de escalera en concreto de 3000 psi | D70: GLB | F70: =+'APU NP5'!M58 -> 1323865 | H70: =+IF(L70>E70,0,E70-L70) -> 0 | I70: =+IF(L70>E70,L70-E70,0) -> 1 | J70: =+H70*F70 -> 0 | K70: =+I70*F70 -> 1323865 | L70: 1 | M70: =L70*F70 -> 1323865
B71: INP 6 | C71: Plantilla de nivelacion para piso mortero 1:3 | D71: M2 | F71: =+'APU NP6'!M58 -> 29692 | H71: =+IF(L71>E71,0,E71-L71) -> 0 | I71: =+IF(L71>E71,L71-E71,0) -> 13 | J71: =+H71*F71 -> 0 | K71: =+I71*F71 -> 385996 | L71: 13 | M71: =L71*F71 -> 385996
B72: INP 7 | C72: Suministro e instalacion de cielo raso en drywall, incluye estructura para instalacion | D72: M2 | F72: =+'APU NP7'!M56 -> 67376 | H72: =+IF(L72>E72,0,E72-L72) -> 0 | I72: =+IF(L72>E72,L72-E72,0) -> 40 | J72: =+H72*F72 -> 0 | K72: =+I72*F72 -> 2695040 | L72: 40 | M72: =L72*F72 -> 2695040
B73: INP 8 | C73: Pañete liso 1:4 para interiores con altura hasta 3,00 mts | D73: M2 | F73: =+'APU NP8'!M57 -> 23210 | H73: =+IF(L73>E73,0,E73-L73) -> 0 | I73: =+IF(L73>E73,L73-E73,0) -> 20.6 | J73: =+H73*F73 -> 0 | K73: =+I73*F73 -> 478126 | L73: 20.6 | M73: =L73*F73 -> 478126
B74: INP 9 | C74: Suministro e instalacion de aire acondicionado 12.000 btu incluye accesorios | D74: UND | F74: 1829535 | H74: =+IF(L74>E74,0,E74-L74) -> 0 | I74: =+IF(L74>E74,L74-E74,0) -> 3 | J74: =+H74*F74 -> 0 | K74: =+I74*F74 -> 5488605 | L74: 3 | M74: =L74*F74 -> 5488605
B75: INP 10 | C75: Suministro e instalacion de interruptor sencillo incluye accesorios | D75: UND | F75: =+'APU NP10'!M56 -> 8151 | H75: =+IF(L75>E75,0,E75-L75) -> 0 | I75: =+IF(L75>E75,L75-E75,0) -> 3 | J75: =+H75*F75 -> 0 | K75: =+I75*F75 -> 24453 | L75: 3 | M75: =L75*F75 -> 24453
B76: INP 11 | C76: Suministro e instalacion de caja electrica de 8 circuitos incluye accesorios | D76: UND | F76: =+'APU NP11'!M56 -> 165524 | H76: =+IF(L76>E76,0,E76-L76) -> 0 | I76: =+IF(L76>E76,L76-E76,0) -> 1 | J76: =+H76*F76 -> 0 | K76: =+I76*F76 -> 165524 | L76: 1 | M76: =L76*F76 -> 165524
B77: INP 12 | C77: Suministro e instalacion de tuberia de cobre de 3/8 + recubrimiento con rubatex | D77: ML | F77: =+'APU NP12'!M58 -> 71104 | H77: =+IF(L77>E77,0,E77-L77) -> 0 | I77: 23 | J77: =+H77*F77 -> 0 | K77: =+I77*F77 -> 1635392 | L77: 2 | M77: =L77*F77 -> 142208
B78: INP 13 | C78: Punto hidraulico para desagüe de aire acondicionado, incluye cajuela, tuberia hidraulica en 3/4" | D78: UND | F78: =+'APU NP13'!M56 -> 67052 | H78: =+IF(L78>E78,0,E78-L78) -> 0 | I78: =+IF(L78>E78,L78-E78,0) -> 3 | J78: =+H78*F78 -> 0 | K78: =+I78*F78 -> 201156 | L78: 3 | M78: =L78*F78 -> 201156
B79: INP 14 | C79: Suministro e instalacion de conductor CU Calibre 1x8F+1x8N+1X12T O -220v acometida de aire acondicionado, incluye cajuela+ tuberia 3/4" | F79: =+F132 -> 20729 | H79: =+IF(L79>E79,0,E79-L79) -> 0 | I79: =+IF(L79>E79,L79-E79,0) -> 16 | J79: =+H79*F79 -> 0 | K79: =+I79*F79 -> 331664 | L79: 16 | M79: =L79*F79 -> 331664
B80: TOTAL COSTO DIRECTO TORRE C PISO 2
B81: TORRE C PISO 3
B82: 1 | C82: DESMONTES Y DEMOLICIONES
B83: 1.1 | C83: Demolicion de muro | D83: M2 | E83: 25 | F83: 22900 | G83: =E83*F83 -> 572500 | H83: =+IF(L83>E83,0,E83-L83) -> 17 | I83: =+IF(L83>E83,L83-E83,0) -> 0 | J83: =+H83*F83 -> 389300 | K83: =+I83*F83 -> 0 | L83: 8 | M83: =L83*F83 -> 183200
B84: 1.2 | C84: Demolicion de Enchape | D84: M2 | E84: 15 | F84: 22500 | G84: =E84*F84 -> 337500 | H84: =+IF(L84>E84,0,E84-L84) -> 7 | I84: =+IF(L84>E84,L84-E84,0) -> 0 | J84: =+H84*F84 -> 157500 | K84: =+I84*F84 -> 0 | L84: 8 | M84: =L84*F84 -> 180000
B85: 1.3 | C85: Demolicion de muro lavatrapero | D85: M2 | E85: 2 | F85: 22900 | G85: =E85*F85 -> 45800 | H85: =+IF(L85>E85,0,E85-L85) -> 0 | I85: =+IF(L85>E85,L85-E85,0) -> 0 | J85: =+H85*F85 -> 0 | K85: =+I85*F85 -> 0 | L85: 2 | M85: =L85*F85 -> 45800
B86: 1.4 | C86: Desmonte de mueble de cocina | D86: UND | E86: 1 | F86: 30000 | G86: =E86*F86 -> 30000 | H86: =+IF(L86>E86,0,E86-L86) -> 0 | I86: =+IF(L86>E86,L86-E86,0) -> 0 | J86: =+H86*F86 -> 0 | K86: =+I86*F86 -> 0 | L86: 1 | M86: =L86*F86 -> 30000
B87: 1.5 | C87: Desmonte de gabetero de cocina | D87: UND | E87: 1 | F87: 30000 | G87: =E87*F87 -> 30000 | H87: =+IF(L87>E87,0,E87-L87) -> 0 | I87: =+IF(L87>E87,L87-E87,0) -> 0 | J87: =+H87*F87 -> 0 | K87: =+I87*F87 -> 0 | L87: 1 | M87: =L87*F87 -> 30000
B88: 1.6 | C88: Desmonte de ventana | D88: UND | E88: 3 | F88: 33900 | G88: =E88*F88 -> 101700 | H88: =+IF(L88>E88,0,E88-L88) -> 1 | I88: =+IF(L88>E88,L88-E88,0) -> 0 | J88: =+H88*F88 -> 33900 | K88: =+I88*F88 -> 0 | L88: 2 | M88: =L88*F88 -> 67800
B89: 1.7 | C89: Desmonte de puerta en aluminio | D89: UND | E89: 3 | F89: 36400 | G89: =E89*F89 -> 109200 | H89: =+IF(L89>E89,0,E89-L89) -> 2 | I89: =+IF(L89>E89,L89-E89,0) -> 0 | J89: =+H89*F89 -> 72800 | K89: =+I89*F89 -> 0 | L89: 1 | M89: =L89*F89 -> 36400
B90: 1.8 | C90: Desmonte de luminaria | D90: UND | E90: 5 | F90: 10750 | G90: =E90*F90 -> 53750 | H90: =+IF(L90>E90,0,E90-L90) -> 3 | I90: =+IF(L90>E90,L90-E90,0) -> 0 | J90: =+H90*F90 -> 32250 | K90: =+I90*F90 -> 0 | L90: 2 | M90: =L90*F90 -> 21500
B91: 2 | C91: MAMPOSTERIA
B92: 2.1 | C92: Resane de muro | D92: M2 | E92: 15 | F92: 27000 | G92: =E92*F92 -> 405000 | H92: =+IF(L92>E92,0,E92-L92) -> 10 | I92: =+IF(L92>E92,L92-E92,0) -> 0 | J92: =+H92*F92 -> 270000 | K92: =+I92*F92 -> 0 | L92: 5 | M92: =L92*F92 -> 135000
B93: 3 | C93: INSTALACIONES ELECTRICAS
B94: 3.01 | C94: Suministro e instalacion de conductor CU Calibre 1x12F+1x12N+1x12T O -2 600V | D94: ML | E94: 5 | F94: 22000 | G94: =E94*F94 -> 110000 | H94: =+IF(L94>E94,0,E94-L94) -> 0 | I94: =+IF(L94>E94,L94-E94,0) -> 25 | J94: =+H94*F94 -> 0 | K94: =+I94*F94 -> 550000 | L94: 30 | M94: =L94*F94 -> 660000
B95: 3.02 | C95: Suministro e instalacion de tuberia Conduit 1/2" | D95: ML | E95: 5 | F95: 92500 | G95: =E95*F95 -> 462500 | H95: =+IF(L95>E95,0,E95-L95) -> 0 | I95: =+IF(L95>E95,L95-E95,0) -> 23 | J95: =+H95*F95 -> 0 | K95: =+I95*F95 -> 2127500 | L95: 28 | M95: =L95*F95 -> 2590000
B96: 3.03 | C96: Punto Electrico para lamparas | D96: UND | E96: 3 | F96: 109050 | G96: =E96*F96 -> 327150 | H96: =+IF(L96>E96,0,E96-L96) -> 0 | I96: =+IF(L96>E96,L96-E96,0) -> 3 | J96: =+H96*F96 -> 0 | K96: =+I96*F96 -> 327150 | L96: 6 | M96: =L96*F96 -> 654300
B97: 3.04 | C97: Punto Electrico para aire acondicionado | D97: UND | E97: 2 | F97: 170000 | G97: =E97*F97 -> 340000 | H97: =+IF(L97>E97,0,E97-L97) -> 0 | I97: =+IF(L97>E97,L97-E97,0) -> 0 | J97: =+H97*F97 -> 0 | K97: =+I97*F97 -> 0 | L97: 2 | M97: =L97*F97 -> 340000
B98: 3.05 | C98: Punto electrico para toma corriente común, incluye toma doble | D98: UND | E98: 5 | F98: 108250 | G98: =E98*F98 -> 541250 | H98: =+IF(L98>E98,0,E98-L98) -> 0 | I98: =+IF(L98>E98,L98-E98,0) -> 2 | J98: =+H98*F98 -> 0 | K98: =+I98*F98 -> 216500 | L98: 7 | M98: =L98*F98 -> 757750
B99: 3.06 | C99: Suministro e instalacion de aire acondicionado 24.000 btu incluye accesorios | D99: UN | E99: 2 | F99: 2500000 | G99: =E99*F99 -> 5000000 | H99: =+IF(L99>E99,0,E99-L99) -> 2 | I99: =+IF(L99>E99,L99-E99,0) -> 0 | J99: =+H99*F99 -> 5000000 | K99: =+I99*F99 -> 0 | L99: 0 | M99: =L99*F99 -> 0
B100: 3.07 | C100: Suministro e instalacion de luminaria led 60x60 de 48w, incluye todo lo necesario para su correcta instalacion | D100: UND | E100: 8 | F100: 220000 | G100: =E100*F100 -> 1760000 | H100: =+IF(L100>E100,0,E100-L100) -> 2 | I100: =+IF(L100>E100,L100-E100,0) -> 0 | J100: =+H100*F100 -> 440000 | K100: =+I100*F100 -> 0 | L100: 6 | M100: =L100*F100 -> 1320000
B101: 3.08 | C101: Suministro e instalacion de tomacorriente doble a 110v sobre canaleta plastica | D101: UND | E101: 5 | F101: 18500 | G101: =E101*F101 -> 92500 | H101: =+IF(L101>E101,0,E101-L101) -> 0 | I101: =+IF(L101>E101,L101-E101,0) -> 1 | J101: =+H101*F101 -> 0 | K101: =+I101*F101 -> 18500 | L101: 6 | M101: =L101*F101 -> 111000
B102: 3.09 | C102: Suministro e instalacion de tomacorriente regulado doble a 120v sobre canaleta plastica | D102: UND | E102: 5 | F102: 20000 | G102: =E102*F102 -> 100000 | H102: =+IF(L102>E102,0,E102-L102) -> 0 | I102: =+IF(L102>E102,L102-E102,0) -> 1 | J102: =+H102*F102 -> 0 | K102: =+I102*F102 -> 20000 | L102: 6 | M102: =L102*F102 -> 120000
B103: 3.1 | C103: Suministro e instalacion de switch rackeable 16 puertos | D103: UND | E103: 1 | F103: 327500 | G103: =E103*F103 -> 327500 | H103: =+IF(L103>E103,0,E103-L103) -> 0 | I103: =+IF(L103>E103,L103-E103,0) -> 0 | J103: =+H103*F103 -> 0 | K103: =+I103*F103 -> 0 | L103: 1 | M103: =L103*F103 -> 327500
B104: 3.11 | C104: Suministro e instalacion de gabinete para switch rackeable 16 puertos | D104: UND | E104: 1 | F104: 70500 | G104: =E104*F104 -> 70500 | H104: =+IF(L104>E104,0,E104-L104) -> 0 | I104: =+IF(L104>E104,L104-E104,0) -> 0 | J104: =+H104*F104 -> 0 | K104: =+I104*F104 -> 0 | L104: 1 | M104: =L104*F104 -> 70500
B105: 3.12 | C105: Suministro e instalacion de jack RJ45cat 6 | D105: UND | E105: 10 | F105: 11625 | G105: =E105*F105 -> 116250 | H105: =+IF(L105>E105,0,E105-L105) -> 0 | I105: =+IF(L105>E105,L105-E105,0) -> 0 | J105: =+H105*F105 -> 0 | K105: =+I105*F105 -> 0 | L105: 10 | M105: =L105*F105 -> 116250
... B111: 3.18 | C111: suministro e instalacion de señalizacion institucional de 0.30m x 0.18m, impresion digital en vinilo adhesivo plastificado sobre acrilico de 2 MM de grosor, en alta resolucion incluye cinta y doble faz para instlacion o sistemas de fijacion en muro (TORNILLO Y CHAZO EN CASO DE SER NECESARIO). | D111: UN | E111: 2 | F111: 50000 | G111: =E111*F111 -> 100000 | H111: =+IF(L111>E111,0,E111-L111) -> 0 | I111: =+IF(L111>E111,L111-E111,0) -> 0 | J111: =+H111*F111 -> 0 | K111: =+I111*F111 -> 0 | L111: 2 | M111: =L111*F111 -> 100000
B112: 4 | C112: PISOS Y ACABADOS
B113: 4.01 | C113: Estuco plastico para muros interiores | D113: M2 | E113: 45 | F113: 30100 | G113: =E113*F113 -> 1354500 | H113: =+IF(L113>E113,0,E113-L113) -> 0 | I113: =+IF(L113>E113,L113-E113,0) -> 0 | J113: =+H113*F113 -> 0 | K113: =+I113*F113 -> 0 | L113: 45 | M113: =L113*F113 -> 1354500
B114: 4.02 | C114: Pintura en vinilo ( tipo viniltex) | D114: ML | E114: =E113 -> 45 | F114: 22700 | G114: =E114*F114 -> 1021500 | H114: =+IF(L114>E114,0,E114-L114) -> 0 | I114: =+IF(L114>E114,L114-E114,0) -> 35 | J114: =+H114*F114 -> 0 | K114: =+I114*F114 -> 794500 | L114: 80 | M114: =L114*F114 -> 1816000
B115: 4.03 | C115: Mantenimiento de cielo razo | D115: M2 | E115: 60 | F115: 20250 | G115: =E115*F115 -> 1215000 | H115: =+IF(L115>E115,0,E115-L115) -> 40 | I115: =+IF(L115>E115,L115-E115,0) -> 0 | J115: =+H115*F115 -> 810000 | K115: =+I115*F115 -> 0 | L115: 20 | M115: =L115*F115 -> 405000
B116: 4.04 | C116: Instalacion y suministro de puerta en vidrio | D116: UND | E116: 3 | F116: 1175000 | G116: =E116*F116 -> 3525000 | H116: =+IF(L116>E116,0,E116-L116) -> 0 | I116: =+IF(L116>E116,L116-E116,0) -> 0 | J116: =+H116*F116 -> 0 | K116: =+I116*F116 -> 0 | L116: 3 | M116: =L116*F116 -> 3525000
...

Sheet APU NP1
D1: ANALISIS DE PRECIOS UNITARIOS
D2: "MANTENIMIENTO, ADECUACIONES Y REPARACIONES LOCATIVAS A LA TORRE ABC Y PLAZA DE BANDERAS DEL PALACIO DE JUSTICIA DE SINCELEJO"
A4: CONTRATISTA: | C4: ING. OSCAR ENRIQUE GUERRA OÑATE | F4: INTERVENTOR: | K4: FECHA | L4: 45274
A5: SUPERVISION: | C5: ING. FRANCY HERNANDEZ ARRIETA | F5: CONTRATO Nro: | H5: MC 22 DE 2023
A7: CAPITULO | C7: INP 1 | J7: UNIDAD | L7: M2
A8: ITEM | C8: Desmonte de cielo raso en drywall
A12: DESCRIPCIÓN | F12: MARCA | H12: TIPO | J12: TARIFA/HORA | K12: RENDIMIENTO | M12: Vr. UNITARIO
A13: HERRAMAMIENTAS MENORES 10% M.O | J13: 0.1 | M13: =+J13*M48 -> 1808.838
A17: SUBTOTAL $ | M17: =+SUM(M13:M16) -> 1808.838
A18: II. MATERIALES
A21: DESCRIPCIÓN | I21: UNIDAD | J21: CANTIDAD | K21: PRECIO UNIT. | M21: Vr. UNITARIO
A30: INVERSION MEDIUDAS DE MANEJO 2% CD
A31: SUBTOTAL $ | M31: =+SUM(M22:M30) -> 0
A32: III. TRANSPORTES
A35: MATERIAL | H35: VOL. o PESO | I35: DISTANCIA | J35: M3 o Ton/Km | K35: TARIFA | M35: Vr. UNITARIO
M36: 0
M37: 0
M38: =IF(K38>0,ROUND(J38*K38,0),0) -> 0
M39: =IF(K39>0,ROUND(J39*K39,0),0) -> 0
A40: SUBTOTAL $
A41: IV. MANO DE OBRA
A44: TRABAJADOR | H44: JORNAL | I44: PRESTACIONES | J44: JORNAL TOTAL | K44: RENDIMIENTO | M44: Vr. UNITARIO
A45: 2 AYUDANTE | H45: 90000 | I45: 0.86 | J45: =+ROUND(H45*(1+I45),0) -> 167400 | K45: 0.10805484 | M45: =+J45*K45 -> 18088.38
A48: SUBTOTAL $ | M48: =+SUM(M45:M47) -> 18088.38
A50: TOTAL COSTO DIRECTO $ | M50: =+M48+M17 -> 19897.218
A52: PRECIO UNITARIO TOTAL APROXIMADO AL PESO | M52: =ROUNDUP(M50,0) -> 19898
A56: CONTRATISTA | G56: SUPERVISOR DEL CONTRATO
A57: NOMBRE | B57: ING. OSCAR ENRIQUE GUERRA OÑATE | G57: NOMBRE | I57: FRANCY LORENA HERNANDEZ ARRIETA
A58: FIRMA | G58: FIRMA
G59: REVISION

Sheet APU NP2
D2: ANALISIS DE PRECIOS UNITARIOS
D3: "MANTENIMIENTO, ADECUACIONES Y REPARACIONES LOCATIVAS A LA TORRE ABC Y PLAZA DE BANDERAS DEL PALACIO DE JUSTICIA DE SINCELEJO"
A6: CONTRATISTA: | C6: ING. OSCAR ENRIQUE GUERRA OÑATE | F6: INTERVENTOR: | K6: FECHA | L6: 45274
A7: SUPERVISION: | C7: ING. FRANCY HERNANDEZ ARRIETA | F7: CONTRATO Nro: | H7: MC 22 DE 2023
A9: CAPITULO | C9: INP 2 | J9: UNIDAD | L9: UND
A10: ITEM | C10: Anulacion de puntos hidraulicos y sanitarios existentes
A14: DESCRIPCIÓN | F14: MARCA | H14: TIPO | J14: TARIFA/HORA | K14: RENDIMIENTO | M14: Vr. UNITARIO
A15: HERRAMAMIENTAS MENORES 10% M.O | J15: 0.1 | M15: =+J15*M33 -> 484.5
A19: SUBTOTAL $ | M19: =+SUM(M15:M18) -> 484.5
A20: II. MATERIALES
A23: DESCRIPCIÓN | I23: UNIDAD | J23: CANTIDAD | K23: PRECIO UNIT. | M23: Vr. UNITARIO
A24: Accesorios ( incluye tapón y goma) | I24: und | J24: 1 | M24: 4750
M25: 0
M26: =J26*K26 -> 0
M27: 0
M28: 0
M29: 0
M30: 0
M31: 0
A32: INVERSION MEDIUDAS DE MANEJO 2% CD | M32: =+SUM(M24:M25)*0.02 -> 95
A33: SUBTOTAL $ | M33: =+SUM(M24:M32) -> 4845
A34: III. TRANSPORTES
A37: MATERIAL | H37: VOL. o PESO | I37: DISTANCIA | J37: M3 o Ton/Km | K37: TARIFA | M37: Vr. UNITARIO
M38: 0
M39: 0
M40: =IF(K40>0,ROUND(J40*K40,0),0) -> 0
M41: =IF(K41>0,ROUND(J41*K41,0),0) -> 0
A42: SUBTOTAL $
A43: IV. MANO DE OBRA
A46: TRABAJADOR | H46: JORNAL | I46: PRESTACIONES | J46: JORNAL TOTAL | K46: RENDIMIENTO | M46: Vr. UNITARIO
A47: OFICIAL | H47: 65000 | I47: 0.86 | J47: =+ROUND(H47*(1+I47),0) -> 120900 | K47: 15 | M47: =IF(K47>0,ROUND(J47/K47,0),0) -> 8060
A48: AYUDANTE | H48: 45000 | I48: 0.86 | J48: =+ROUND(H48*(1+I48),0) -> 83700 | K48: =+K47 -> 15 | M48: =IF(K48>0,ROUND(J48/K48,0),0) -> 5580
A51: SUBTOTAL $ | M51: =+SUM(M47:M50) -> 13640
A53: TOTAL COSTO DIRECTO $ | M53: =+M19+M33+M42+M51 -> 18969.5
A55: PRECIO UNITARIO TOTAL APROXIMADO AL PESO | M55: =ROUNDUP(M53,0) -> 18970
A59: CONTRATISTA | G59: SUPERVISOR DEL CONTRATO
A60: NOMBRE | B60: ING. OSCAR ENRIQUE GUERRA OÑATE | G60: NOMBRE | I60: FRANCY LORENA HERNANDEZ ARRIETA
A61: FIRMA | G61: FIRMA
G64: REVISION

Sheet APU NP3
D5: ANALISIS DE PRECIOS UNITARIOS
D6: "MANTENIMIENTO, ADECUACIONES Y REPARACIONES LOCATIVAS A LA TORRE ABC Y PLAZA DE BANDERAS DEL PALACIO DE JUSTICIA DE SINCELEJO"
A10: CONTRATISTA: | C10: ING. OSCAR ENRIQUE GUERRA OÑATE | F10: INTERVENTOR: | K10: FECHA | L10: 45274
A11: SUPERVISION: | C11: ING. FRANCY HERNANDEZ ARRIETA | F11: CONTRATO Nro: | H11: MC 22 DE 2023
A13: CAPITULO | C13: INP 3 | J13: UNIDAD | L13: M2
A14: ITEM | C14: Muro estructural con bloque 0,15m con dobelas en acero de 3/8" relleno con concreto
A18: DESCRIPCIÓN | F18: MARCA | H18: TIPO | J18: TARIFA/HORA | K18: RENDIMIENTO | M18: Vr. UNITARIO
A19: HERRAMAMIENTAS MENORES 10% M.O | J19: 0.1 | M19: =+J19*M55 -> 2557.6
M20: ,
A23: SUBTOTAL $ | M23: =+SUM(M19:M22) -> 2557.6
A24: II. MATERIALES
A27: DESCRIPCIÓN | I27: UNIDAD | J27: CANTIDAD | K27: PRECIO UNIT. | M27: Vr. UNITARIO
A28: Bloque 0,15 estructural | I28: und | J28: 12.5 | K28: 3500 | M28: =K28*J28 -> 43750
A29: varilla 3/8 corrugada | I29: kg | J29: =5*0.56 -> 2.8 | K29: =14600/6 -> 2433.3333 | M29: =K29*J29 -> 6813.3333
A30: mortero 1:4 | I30: m2 | J30: 0.14 | K30: 23276.9 | M30: =K30*J30 -> 3258.766
A31: Concreto 3000 psi | I31: M3 | J31: =0.1*0.14*1*5 -> 0.07 | K31: 371000 | M31: =K31*J31 -> 25970 | O31: 123250
M32: 0
M33: 0
M34: 0
M35: 0
A36: INVERSION MEDIUDAS DE MANEJO 2% CD | M36: =+SUM(M28:M31)*0.02 -> 1595.842
A37: SUBTOTAL $ | M37: =+SUM(M28:M36) -> 81387.941
A38: III. TRANSPORTES
A41: MATERIAL | H41: VOL. o PESO | I41: DISTANCIA | J41: M3 o Ton/Km | K41: TARIFA | M41: Vr. UNITARIO
M42: 0
M43: 0
M44: =IF(K44>0,ROUND(J44*K44,0),0) -> 0
M45: =IF(K45>0,ROUND(J45*K45,0),0) -> 0
A46: SUBTOTAL $
A47: IV. MANO DE OBRA
A50: TRABAJADOR | H50: JORNAL | I50: PRESTACIONES | J50: JORNAL TOTAL | K50: RENDIMIENTO | M50: Vr. UNITARIO
A51: OFICIAL | H51: 65000 | I51: 0.86 | J51: =+ROUND(H51*(1+I51),0) -> 120900 | K51: 8 | M51: =IF(K51>0,ROUND(J51/K51,0),0) -> 15113
A52: AYUDANTE | H52: 45000 | I52: 0.86 | J52: =+ROUND(H52*(1+I52),0) -> 83700 | K52: =+K51 -> 8 | M52: =IF(K52>0,ROUND(J52/K52,0),0) -> 10463
A55: SUBTOTAL $ | M55: =+SUM(M51:M54) -> 25576
A57: TOTAL COSTO DIRECTO $ | M57: =+M23+M37+M46+M55 -> 109521.54
A59: PRECIO UNITARIO TOTAL APROXIMADO AL PESO | M59: =ROUNDUP(M57,0) -> 109522
A62: CONTRATISTA | G62: SUPERVISOR DEL CONTRATO
A63: NOMBRE | B63: ING. OSCAR ENRIQUE GUERRA OÑATE | G63: NOMBRE | I63: FRANCY LORENA HERNANDEZ ARRIETA
A64: FIRMA
G65: FIRMA
G67: REVISION

Sheet APU NP4
D4: ANALISIS DE PRECIOS UNITARIOS
D5: "MANTENIMIENTO, ADECUACIONES Y REPARACIONES LOCATIVAS A LA TORRE ABC Y PLAZA DE BANDERAS DEL PALACIO DE JUSTICIA DE SINCELEJO"
A9: CONTRATISTA: | C9: ING. OSCAR ENRIQUE GUERRA OÑATE | F9: INTERVENTOR: | K9: FECHA | L9: 45274
A10: SUPERVISION: | C10: ING. FRANCY HERNANDEZ ARRIETA | F10: CONTRATO Nro: | H10: MC 22 DE 2023
A12: CAPITULO | C12: INP 4 | J12: UNIDAD | L12: M2
A13: ITEM | C13: Concreto de 3000 psi para losa, incluye soporte en perfiles metalicos y superboard
A17: DESCRIPCIÓN | F17: MARCA | H17: TIPO | J17: TARIFA/HORA | K17: RENDIMIENTO | M17: Vr. UNITARIO
A18: HERRAMAMIENTAS MENORES 10% M.O | J18: 0.1 | M18: =+J18*M54 -> 2922.8
A22: SUBTOTAL $ | M22: =+SUM(M18:M21) -> 2922.8
A23: II. MATERIALES
A26: DESCRIPCIÓN | I26: UNIDAD | J26: CANTIDAD | K26: PRECIO UNIT. | M26: Vr. UNITARIO
A27: CEMENTO | I27: KG | J27: 150 | K27: 600 | M27: =J27*K27 -> 90000
A28: TRITURADO | I28: M3 | J28: 0.25 | K28: 85000 | M28: =J28*K28 -> 21250
A29: ARENA | I29: M3 | J29: 0.25 | K29: 34140 | M29: =J29*K29 -> 8535
A30: AGUA | I30: LT | J30: =220*0.2*1.05 -> 46.2 | K30: 75 | M30: =J30*K30 -> 3465
A31: ACERO DE REFUERZO FY=420 MPA | I31: KG | J31: 25 | K31: 2600 | M31: =J31*K31 -> 65000
A32: SUPERBOARD | I32: M2 | J32: =2.44*1.22 -> 2.9768 | K32: 91600 | M32: =+K32/J32 -> 30771.298
A33: PERFILES METALICOS | I33: UND | J33: 0.35 | K33: 203028.57 | M33: =J33*K33 -> 71060
M34: 0
A35: INVERSION MEDIUDAS DE MANEJO 2% CD | M35: =+SUM(M27:M28)*0.02 -> 2225
A36: SUBTOTAL $ | M36: =+SUM(M27:M35) -> 292306.3
A37: III. TRANSPORTES
A40: MATERIAL | H40: VOL. o PESO | I40: DISTANCIA | J40: M3 o Ton/Km | K40: TARIFA | M40: Vr. UNITARIO
M41: 0
M42: 0
M43: =IF(K43>0,ROUND(J43*K43,0),0) -> 0
M44: =IF(K44>0,ROUND(J44*K44,0),0) -> 0
A45: SUBTOTAL $
A46: IV. MANO DE OBRA
A49: TRABAJADOR | H49: JORNAL | I49: PRESTACIONES | J49: JORNAL TOTAL | K49: RENDIMIENTO | M49: Vr. UNITARIO
A50: OFICIAL | H50: 65000 | I50: 0.86 | J50: =+ROUND(H50*(1+I50),0) -> 120900 | K50: 7 | M50: =IF(K50>0,ROUND(J50/K50,0),0) -> 17271
A51: AYUDANTE | H51: 45000 | I51: 0.86 | J51: =+ROUND(H51*(1+I51),0) -> 83700 | K51: 7 | M51: =IF(K51>0,ROUND(J51/K51,0),0) -> 11957
A54: SUBTOTAL $ | M54: =+SUM(M50:M53) -> 29228
A56: TOTAL COSTO DIRECTO $ | M56: =+M22+M36+M45+M54 -> 324457.1
A58: PRECIO UNITARIO TOTAL APROXIMADO AL PESO | M58: =ROUNDUP(M56,0) -> 324458
A62: CONTRATISTA | G62: SUPERVISOR DEL CONTRATO
A63: NOMBRE | B63: ING. OSCAR ENRIQUE GUERRA OÑATE | G63: NOMBRE | I63: FRANCY LORENA HERNANDEZ ARRIETA
A64: FIRMA | G64: FIRMA
G66: REVISION

Sheet APU NP5
D4: ANALISIS DE PRECIOS UNITARIOS
D5: "MANTENIMIENTO, ADECUACIONES Y REPARACIONES LOCATIVAS A LA TORRE ABC Y PLAZA DE BANDERAS DEL PALACIO DE JUSTICIA DE SINCELEJO"
A9: CONTRATISTA: | C9: ING. OSCAR ENRIQUE GUERRA OÑATE | F9: INTERVENTOR: | K9: FECHA | L9: 45274
A10: SUPERVISION: | C10: ING. FRANCY HERNANDEZ ARRIETA | F10: CONTRATO Nro: | H10: MC 22 DE 2023
A12: CAPITULO | C12: INP 5 | J12: UNIDAD | L12: GLB
A13: ITEM | C13: Construccion de escalera en concreto de 3000 psi
A17: DESCRIPCIÓN | F17: MARCA | H17: TIPO | J17: TARIFA/HORA | K17: RENDIMIENTO | M17: Vr. UNITARIO
A18: HERRAMAMIENTAS MENORES 10% M.O | J18: 0.1 | M18: =+J18*M54 -> 81840
A22: SUBTOTAL $ | M22: =+SUM(M18:M21) -> 81840
A23: II. MATERIALES
A26: DESCRIPCIÓN | I26: UNIDAD | J26: CANTIDAD | K26: PRECIO UNIT. | M26: Vr. UNITARIO
A27: CONCRETO DE 3000 PSI | I27: M3 | J27: =0.515*0.9 -> 0.4635 | K27: 371000 | M27: =J27*K27 -> 171958.5
A28: ACERO DE REFUERZO FY=420 MPA | I28: KG | J28: =10*1.56*6 -> 93.6 | K28: 2600 | M28: =J28*K28 -> 243360
M29: =J29*K29 -> 0
M30: 0
M31: 0
M32: 0
M33: 0
M34: 0
A35: INVERSION MEDIUDAS DE MANEJO 2% CD | M35: =+SUM(M27:M28)*0.02 -> 8306.37
A36: SUBTOTAL $ | M36: =+SUM(M27:M35) -> 423624.87
A37: III. TRANSPORTES
A40: MATERIAL | H40: VOL. o PESO | I40: DISTANCIA | J40: M3 o Ton/Km | K40: TARIFA | M40: Vr. UNITARIO
M41: 0
M42: 0
M43: =IF(K43>0,ROUND(J43*K43,0),0) -> 0
M44: =IF(K44>0,ROUND(J44*K44,0),0) -> 0
A45: SUBTOTAL $
A46: IV. MANO DE OBRA
A49: TRABAJADOR | H49: JORNAL | I49: PRESTACIONES | J49: JORNAL TOTAL | K49: RENDIMIENTO | M49: Vr. UNITARIO
A50: OFICIAL | H50: 65000 | I50: 0.86 | J50: =+ROUND(H50*(1+I50),0) -> 120900 | K50: 0.25 | M50: =IF(K50>0,ROUND(J50/K50,0),0) -> 483600
A51: AYUDANTE | H51: 45000 | I51: 0.86 | J51: =+ROUND(H51*(1+I51),0) -> 83700 | K51: 0.25 | M51: =IF(K51>0,ROUND(J51/K51,0),0) -> 334800
A54: SUBTOTAL $ | M54: =+SUM(M50:M53) -> 818400
A56: TOTAL COSTO DIRECTO $ | M56: =+M22+M36+M45+M54 -> 1323864.9
A58: PRECIO UNITARIO TOTAL APROXIMADO AL PESO | M58: =ROUNDUP(M56,0) -> 1323865
A61: CONTRATISTA | G61: SUPERVISOR DEL CONTRATO
A62: NOMBRE | B62: ING. OSCAR ENRIQUE GUERRA OÑATE | G62: NOMBRE | I62: FRANCY LORENA HERNANDEZ ARRIETA
A63: FIRMA | G63: FIRMA
G65: REVISION

Sheet APU NP6
D4: ANALISIS DE PRECIOS UNITARIOS
D5: "MANTENIMIENTO, ADECUACIONES Y REPARACIONES LOCATIVAS A LA TORRE ABC Y PLAZA DE BANDERAS DEL PALACIO DE JUSTICIA DE SINCELEJO"
A9: CONTRATISTA: | C9: ING. OSCAR ENRIQUE GUERRA OÑATE | F9: INTERVENTOR: | K9: FECHA | L9: 45274
A10: SUPERVISION: | C10: ING. FRANCY HERNANDEZ ARRIETA | F10: CONTRATO Nro: | H10: MC 22 DE 2023
A12: CAPITULO | C12: INP 6 | J12: UNIDAD | L12: M2
A13: ITEM | C13: Plantilla de nivelacion para piso mortero 1:3
A17: DESCRIPCIÓN | F17: MARCA | H17: TIPO | J17: TARIFA/HORA | K17: RENDIMIENTO | M17: Vr. UNITARIO
A18: HERRAMAMIENTAS MENORES 10% M.O | J18: 0.1 | M18: =+J18*M54 -> 1364
A22: SUBTOTAL $ | M22: =+SUM(M18:M21) -> 1364
A23: II. MATERIALES
A26: DESCRIPCIÓN | I26: UNIDAD | J26: CANTIDAD | K26: PRECIO UNIT. | M26: Vr. UNITARIO
A27: MORTERO 1:4 | I27: M2 | J27: =1*1*0.04 -> 0.04 | K27: 360000 | M27: =J27*K27 -> 14400
M28: =J28*K28 -> 0
M29: =J29*K29 -> 0
M30: 0
M31: 0
M32: 0
M33: 0
M34: 0
A35: INVERSION MEDIUDAS DE MANEJO 2% CD | M35: =+SUM(M27:M28)*0.02 -> 288
A36: SUBTOTAL $ | M36: =+SUM(M27:M35) -> 14688
A37: III. TRANSPORTES
A40: MATERIAL | H40: VOL. o PESO | I40: DISTANCIA | J40: M3 o Ton/Km | K40: TARIFA | M40: Vr. UNITARIO
M41: 0
M42: 0
M43: =IF(K43>0,ROUND(J43*K43,0),0) -> 0
M44: =IF(K44>0,ROUND(J44*K44,0),0) -> 0
A45: SUBTOTAL $
A46: IV. MANO DE OBRA
A49: TRABAJADOR | H49: JORNAL | I49: PRESTACIONES | J49: JORNAL TOTAL | K49: RENDIMIENTO | M49: Vr. UNITARIO
A50: OFICIAL | H50: 65000 | I50: 0.86 | J50: =+ROUND(H50*(1+I50),0) -> 120900 | K50: 15 | M50: =IF(K50>0,ROUND(J50/K50,0),0) -> 8060
A51: AYUDANTE | H51: 45000 | I51: 0.86 | J51: =+ROUND(H51*(1+I51),0) -> 83700 | K51: 15 | M51: =IF(K51>0,ROUND(J51/K51,0),0) -> 5580
A54: SUBTOTAL $ | M54: =+SUM(M50:M53) -> 13640
A56: TOTAL COSTO DIRECTO $ | M56: =+M22+M36+M45+M54 -> 29692
A58: PRECIO UNITARIO TOTAL APROXIMADO AL PESO | M58: =ROUNDUP(M56,0) -> 29692
A61: CONTRATISTA | G61: SUPERVISOR DEL CONTRATO
A62: NOMBRE | B62: ING. OSCAR ENRIQUE GUERRA OÑATE | G62: NOMBRE | I62: FRANCY LORENA HERNANDEZ ARRIETA
A63: FIRMA | G63: FIRMA
G65: REVISION

Sheet APU NP7
D3: ANALISIS DE PRECIOS UNITARIOS
D4: "MANTENIMIENTO, ADECUACIONES Y REPARACIONES LOCATIVAS A LA TORRE ABC Y PLAZA DE BANDERAS DEL PALACIO DE JUSTICIA DE SINCELEJO"
A8: CONTRATISTA: | C8: ING. OSCAR ENRIQUE GUERRA OÑATE | F8: INTERVENTOR: | K8: FECHA | L8: 45274
A9: SUPERVISION: | C9: ING. FRANCY HERNANDEZ ARRIETA | F9: CONTRATO Nro: | H9: MC 22 DE 2023
A11: CAPITULO | C11: INP 7 | J11: UNIDAD | L11: M2
A12: ITEM | C12: Suministro e instalacion de cielo raso en drywall, incluye estructura para instalacion
A16: DESCRIPCIÓN | F16: MARCA | H16: TIPO | J16: TARIFA/HORA | K16: RENDIMIENTO | M16: Vr. UNITARIO
A17: HERRAMAMIENTAS MENORES 10% M.O | J17: 0.1 | M17: =+J17*M52 -> 2620.9091
A21: SUBTOTAL $ | M21: =+SUM(M17:M20) -> 2620.9091
A22: II. MATERIALES
A25: DESCRIPCIÓN | I25: UNIDAD | J25: CANTIDAD | K25: PRECIO UNIT. | M25: Vr. UNITARIO
A26: LAMINA DE DRYWALL 1/2 | I26: UND | J26: 0.33 | K26: 44000 | M26: =J26*K26 -> 14520
A27: MASTIQUE | I27: GAL | J27: 0.1 | K27: 38500 | M27: =J27*K27 -> 3850
A28: PINTURA VINILO TIPO 2 | I28: GAL | J28: 0.04 | K28: 40000 | M28: =J28*K28 -> 1600
A29: PERFILERIA PARA ESTRUCTURA | I29: GBL | J29: 1 | K29: 13000 | M29: =J29*K29 -> 13000
A30: TORNILLERIA | I30: UND | J30: 15 | K30: 100 | M30: =J30*K30 -> 1500
A31: CINTA MALLA | I31: ROLLO | J31: 0.1 | K31: 18000 | M31: =J31*K31 -> 1800
A32: LIJA DE AGUA | I32: UND | J32: 0.4 | K32: 1100 | M32: =J32*K32 -> 440
A33: DESPERDICIO 5% | M33: =+SUM(M26:M32)*0.05 -> 1835.5
A34: SUBTOTAL $ | M34: =+SUM(M26:M33) -> 38545.5
A35: III. TRANSPORTES
A38: MATERIAL | H38: VOL. o PESO | I38: DISTANCIA | J38: M3 o Ton/Km | K38: TARIFA | M38: Vr. UNITARIO
M39: 0
M40: 0
M41: =IF(K41>0,ROUND(J41*K41,0),0) -> 0
M42: =IF(K42>0,ROUND(J42*K42,0),0) -> 0
A43: SUBTOTAL $
A44: IV. MANO DE OBRA
A47: TRABAJADOR | H47: JORNAL | I47: PRESTACIONES | J47: JORNAL TOTAL | K47: RENDIMIENTO | M47: Vr. UNITARIO
A48: OFICIAL | H48: 65000 | I48: 0.86 | J48: =+ROUND(H48*(1+I48),0) -> 120900 | K48: 11 | M48: =+J48/K48 -> 10990.909
A49: 2 AYUDANTE | H49: 90000 | I49: 0.86 | J49: =+ROUND(H49*(1+I49),0) -> 167400 | K49: 11 | M49: =+J49/K49 -> 15218.182
A52: SUBTOTAL $ | M52: =+SUM(M48:M51) -> 26209.091
A54: TOTAL COSTO DIRECTO $ | M54: =+M21+M34+M43+M52 -> 67375.5
A56: PRECIO UNITARIO TOTAL APROXIMADO AL PESO | M56: =ROUNDUP(M54,0) -> 67376
A59: CONTRATISTA | G59: SUPERVISOR DEL CONTRATO
A60: NOMBRE | B60: ING. OSCAR ENRIQUE GUERRA OÑATE | G60: NOMBRE | I60: FRANCY LORENA HERNANDEZ ARRIETA
A61: FIRMA | G61: FIRMA
G63: REVISION

Sheet APU NP8
D4: ANALISIS DE PRECIOS UNITARIOS
D5: "MANTENIMIENTO, ADECUACIONES Y REPARACIONES LOCATIVAS A LA TORRE ABC Y PLAZA DE BANDERAS DEL PALACIO DE JUSTICIA DE SINCELEJO"
A9: CONTRATISTA: | C9: ING. OSCAR ENRIQUE GUERRA OÑATE | F9: INTERVENTOR: | K9: FECHA | L9: 45274
A10: SUPERVISION: | C10: ING. FRANCY HERNANDEZ ARRIETA | F10: CONTRATO Nro: | H10: MC 22 DE 2023
A12: CAPITULO | C12: INP 8 | J12: UNIDAD | L12: M2
A13: ITEM | C13: Pañete liso 1:4 para interiores con altura hasta 3,00 mts
A17: DESCRIPCIÓN | F17: MARCA | H17: TIPO | J17: TARIFA/HORA | K17: RENDIMIENTO | M17: Vr. UNITARIO
A18: HERRAMAMIENTAS MENORES 10% M.O | J18: 0.1 | M18: =+J18*M53 -> 1310.4
A19: CUERPO DE ANDAMIOS CERTIFICADOS | J19: 437.5 | K19: 1 | M19: =+ROUND(J19*K19,0) -> 438
A20: TABLONES | J20: =2000*0.1 -> 200 | K20: 1 | M20: =+ROUND(J20*K20,0) -> 200
A22: SUBTOTAL $ | M22: =+SUM(M18:M21) -> 1948.4
A23: II. MATERIALES
A26: DESCRIPCIÓN | I26: UNIDAD | J26: CANTIDAD | K26: PRECIO UNIT. | M26: Vr. UNITARIO
A27: MORTERO 1:4 | I27: M3 | J27: 0.022 | K27: 360000 | M27: =J27*K27 -> 7920
M28: =J28*K28 -> 0
M29: 0
M30: 0
M31: 0
M32: 0
M33: 0
A34: DESPERDICIO 3% | M34: =+SUM(M27:M27)*0.03 -> 237.6
A35: SUBTOTAL $ | M35: =+SUM(M27:M34) -> 8157.6
A36: III. TRANSPORTES
A39: MATERIAL | H39: VOL. o PESO | I39: DISTANCIA | J39: M3 o Ton/Km | K39: TARIFA | M39: Vr. UNITARIO
M40: 0
M41: 0
M42: =IF(K42>0,ROUND(J42*K42,0),0) -> 0
M43: =IF(K43>0,ROUND(J43*K43,0),0) -> 0
A44: SUBTOTAL $
A45: IV. MANO DE OBRA
A48: TRABAJADOR | H48: JORNAL | I48: PRESTACIONES | J48: JORNAL TOTAL | K48: RENDIMIENTO | M48: Vr. UNITARIO
A49: OFICIAL | H49: 65000 | I49: 0.86 | J49: =+ROUND(H49*(1+I49),0) -> 120900 | K49: 22 | M49: =IF(K49>0,ROUND(J49/K49,0),0) -> 5495
A50: 2 AYUDANTE | H50: 90000 | I50: 0.86 | J50: =+ROUND(H50*(1+I50),0) -> 167400 | K50: 22 | M50: =IF(K50>0,ROUND(J50/K50,0),0) -> 7609
A53: SUBTOTAL $ | M53: =+SUM(M49:M52) -> 13104
A55: TOTAL COSTO DIRECTO $ | M55: =+M22+M35+M44+M53 -> 23210
A57: PRECIO UNITARIO TOTAL APROXIMADO AL PESO | M57: =ROUNDUP(M55,0) -> 23210
A61: CONTRATISTA | G61: SUPERVISOR DEL CONTRATO
A62: NOMBRE | B62: ING. OSCAR ENRIQUE GUERRA OÑATE | G62: NOMBRE | I62: FRANCY LORENA HERNANDEZ ARRIETA
A63: FIRMA | G63: FIRMA
G65: REVISION

Sheet APU NP9
D4: ANALISIS DE PRECIOS UNITARIOS
D5: "MANTENIMIENTO, ADECUACIONES Y REPARACIONES LOCATIVAS A LA TORRE ABC Y PLAZA DE BANDERAS DEL PALACIO DE JUSTICIA DE SINCELEJO"
A9: CONTRATISTA: | C9: ING. OSCAR ENRIQUE GUERRA OÑATE | F9: INTERVENTOR: | K9: FECHA | L9: 45274
A10: SUPERVISION: | C10: ING. FRANCY HERNANDEZ ARRIETA | F10: CONTRATO Nro: | H10: MC 22 DE 2023
A12: CAPITULO | C12: INP 9 | J12: UNIDAD | L12: UND
A13: ITEM | C13: Suministro e instalacion de aire acondicionado 12.000 btu incluye accesorios
A17: DESCRIPCIÓN | F17: MARCA | H17: TIPO | J17: TARIFA/HORA | K17: RENDIMIENTO | M17: Vr. UNITARIO
A18: HERRAMAMIENTAS MENORES 10% M.O | M18: =M53*0.1 -> 8685
A22: SUBTOTAL $ | M22: =+SUM(M18:M21) -> 8685
A23: II. MATERIALES
A26: DESCRIPCIÓN | I26: UNIDAD | J26: CANTIDAD | K26: PRECIO UNIT. | M26: Vr. UNITARIO
A27: Aire Acondicionado Olimpo Mini Split Inverter 12000 BTU 110 Voltios | I27: UND | J27: 1 | K27: 1700000 | M27: =J27*K27 -> 1700000
M28: =J28*K28 -> 0
M29: 0
M30: 0
M31: 0
M32: 0
M33: 0
A34: INVERSION MEDIUDAS DE MANEJO 2% CD | M34: =+SUM(M27:M27)*0.02 -> 34000
A35: SUBTOTAL $ | M35: =+SUM(M27:M34) -> 1734000
A36: III. TRANSPORTES
A39: MATERIAL | H39: VOL. o PESO | I39: DISTANCIA | J39: M3 o Ton/Km | K39: TARIFA | M39: Vr. UNITARIO
M40: 0
M41: 0
M42: =IF(K42>0,ROUND(J42*K42,0),0) -> 0
M43: =IF(K43>0,ROUND(J43*K43,0),0) -> 0
A44: SUBTOTAL $
A45: IV. MANO DE OBRA
A48: TRABAJADOR | H48: JORNAL | I48: PRESTACIONES | J48: JORNAL TOTAL | K48: RENDIMIENTO | M48: Vr. UNITARIO
A49: TECNICO EN REFRIGERACIÓN | H49: 80000 | I49: 0.86 | J49: 90000 | K49: 2 | M49: =IF(K49>0,ROUND(J49/K49,0),0) -> 45000
A50: AYUDANTE | H50: 45000 | I50: 0.86 | J50: =+ROUND(H50*(1+I50),0) -> 83700 | K50: =+K49 -> 2 | M50: =IF(K50>0,ROUND(J50/K50,0),0) -> 41850
A53: SUBTOTAL $ | M53: =+SUM(M49:M52) -> 86850
A55: TOTAL COSTO DIRECTO $ | M55: =+M22+M35+M44+M53 -> 1829535
A57: PRECIO UNITARIO TOTAL APROXIMADO AL PESO | M57: =ROUNDUP(M55,0) -> 1829535
A61: CONTRATISTA | G61: SUPERVISOR DEL CONTRATO
A62: NOMBRE | B62: ING. OSCAR ENRIQUE GUERRA OÑATE | G62: NOMBRE | I62: FRANCY LORENA HERNANDEZ ARRIETA
A63: FIRMA | G63: FIRMA
G65: REVISION

Sheet APU NP10
D3: ANALISIS DE PRECIOS UNITARIOS
D4: "MANTENIMIENTO, ADECUACIONES Y REPARACIONES LOCATIVAS A LA TORRE ABC Y PLAZA DE BANDERAS DEL PALACIO DE JUSTICIA DE SINCELEJO"
A8: CONTRATISTA: | C8: ING. OSCAR ENRIQUE GUERRA OÑATE | F8: INTERVENTOR: | K8: FECHA | L8: 45274
A9: SUPERVISION: | C9: ING. FRANCY HERNANDEZ ARRIETA | F9: CONTRATO Nro: | H9: MC 22 DE 2023
A11: CAPITULO | C11: INP 10 | J11: UNIDAD | L11: UND
A12: ITEM | C12: Suministro e instalacion de interruptor sencillo incluye accesorios
A16: DESCRIPCIÓN | F16: MARCA | H16: TIPO | J16: TARIFA/HORA | K16: RENDIMIENTO | M16: Vr. UNITARIO
A17: HERRAMAMIENTAS MENORES 10% M.O | J17: 0.1 | M17: =+J17*M52 -> 204.6
A21: SUBTOTAL $ | M21: =+SUM(M17:M20) -> 204.6
A22: II. MATERIALES
A25: DESCRIPCIÓN | I25: UNIDAD | J25: CANTIDAD | K25: PRECIO UNIT. | M25: Vr. UNITARIO
A26: INTERRUPTOR SENCILLO | I26: UND | J26: 1 | K26: 5900 | M26: =J26*K26 -> 5900
M27: =J27*K27 -> 0
M28: =J28*K28 -> 0
M29: 0
M30: 0
M31: 0
M32: 0
M33: 0
A34: SUBTOTAL $ | M34: =+SUM(M26:M33) -> 5900
A35: III. TRANSPORTES
A38: MATERIAL | H38: VOL. o PESO | I38: DISTANCIA | J38: M3 o Ton/Km | K38: TARIFA | M38: Vr. UNITARIO
M39: 0
M40: 0
M41: =IF(K41>0,ROUND(J41*K41,0),0) -> 0
M42: =IF(K42>0,ROUND(J42*K42,0),0) -> 0
A43: SUBTOTAL $
A44: IV. MANO DE OBRA
A47: TRABAJADOR | H47: JORNAL | I47: PRESTACIONES | J47: JORNAL TOTAL | K47: RENDIMIENTO | M47: Vr. UNITARIO
A48: OFICIAL | H48: 65000 | I48: 0.86 | J48: =+ROUND(H48*(1+I48),0) -> 120900 | K48: 100 | M48: =IF(K48>0,ROUND(J48/K48,0),0) -> 1209
A49: AYUDANTE | H49: 45000 | I49: 0.86 | J49: =+ROUND(H49*(1+I49),0) -> 83700 | K49: 100 | M49: =IF(K49>0,ROUND(J49/K49,0),0) -> 837
A52: SUBTOTAL $ | M52: =+SUM(M48:M51) -> 2046
A54: TOTAL COSTO DIRECTO $ | M54: =+M21+M34+M43+M52 -> 8150.6
A56: PRECIO UNITARIO TOTAL APROXIMADO AL PESO | M56: =ROUNDUP(M54,0) -> 8151
A60: CONTRATISTA | G60: SUPERVISOR DEL CONTRATO
A61: NOMBRE | B61: ING. OSCAR ENRIQUE GUERRA OÑATE | G61: NOMBRE | I61: FRANCY LORENA HERNANDEZ ARRIETA
A62: FIRMA | G62: FIRMA
G64: REVISION

Sheet APU NP11
D4: ANALISIS DE PRECIOS UNITARIOS
D5: "MANTENIMIENTO, ADECUACIONES Y REPARACIONES LOCATIVAS A LA TORRE ABC Y PLAZA DE BANDERAS DEL PALACIO DE JUSTICIA DE SINCELEJO"
A9: CONTRATISTA: | C9: ING. OSCAR ENRIQUE GUERRA OÑATE | F9: INTERVENTOR: | K9: FECHA | L9: 45274
A10: SUPERVISION: | C10: ING. FRANCY HERNANDEZ ARRIETA | F10: CONTRATO Nro: | H10: MC 22 DE 2023
A12: CAPITULO | C12: INP 11 | J12: UNIDAD | L12: UND
A13: ITEM | C13: Suministro e instalacion de caja electrica de 8 circuitos incluye accesorios
A17: DESCRIPCIÓN | F17: MARCA | H17: TIPO | J17: TARIFA/HORA | K17: RENDIMIENTO | M17: Vr. UNITARIO
A18: HERRAMAMIENTAS MENORES 10% M.O | J18: 0.1 | M18: =+J18*M52 -> 8184
A22: SUBTOTAL $ | M22: =+SUM(M18:M21) -> 8184
A23: II. MATERIALES
A26: DESCRIPCIÓN | I26: UNIDAD | J26: CANTIDAD | K26: PRECIO UNIT. | M26: Vr. UNITARIO
A27: TABLERO DE 8 CIRCUITOS CON TAPA | I27: UND | J27: 1 | K27: 75500 | M27: =J27*K27 -> 75500
M28: =J28*K28 -> 0
M29: 0
M30: 0
M31: 0
M32: 0
M33: 0
A34: SUBTOTAL $ | M34: =+SUM(M27:M33) -> 75500
A35: III. TRANSPORTES
A38: MATERIAL | H38: VOL. o PESO | I38: DISTANCIA | J38: M3 o Ton/Km | K38: TARIFA | M38: Vr. UNITARIO
M39: 0
M40: 0
M41: =IF(K41>0,ROUND(J41*K41,0),0) -> 0
M42: =IF(K42>0,ROUND(J42*K42,0),0) -> 0
A43: SUBTOTAL $
A44: IV. MANO DE OBRA
A47: TRABAJADOR | H47: JORNAL | I47: PRESTACIONES | J47: JORNAL TOTAL | K47: RENDIMIENTO | M47: Vr. UNITARIO
A48: OFICIAL | H48: 65000 | I48: 0.86 | J48: =+ROUND(H48*(1+I48),0) -> 120900 | K48: 2.5 | M48: =IF(K48>0,ROUND(J48/K48,0),0) -> 48360
A49: AYUDANTE | H49: 45000 | I49: 0.86 | J49: =+ROUND(H49*(1+I49),0) -> 83700 | K49: 2.5 | M49: =IF(K49>0,ROUND(J49/K49,0),0) -> 33480
A52: SUBTOTAL $ | M52: =+SUM(M48:M51) -> 81840
A54: TOTAL COSTO DIRECTO $ | M54: =+M22+M34+M43+M52 -> 165524
A56: PRECIO UNITARIO TOTAL APROXIMADO AL PESO | M56: =ROUNDUP(M54,0) -> 165524
A60: CONTRATISTA | G60: SUPERVISOR DEL CONTRATO
A61: NOMBRE | B61: ING. OSCAR ENRIQUE GUERRA OÑATE | G61: NOMBRE | I61: FRANCY LORENA HERNANDEZ ARRIETA
A62: FIRMA | G62: FIRMA
G64: REVISION

Sheet APU NP12
D4: ANALISIS DE PRECIOS UNITARIOS
D5: "MANTENIMIENTO, ADECUACIONES Y REPARACIONES LOCATIVAS A LA TORRE ABC Y PLAZA DE BANDERAS DEL PALACIO DE JUSTICIA DE SINCELEJO"
A9: CONTRATISTA: | C9: ING. OSCAR ENRIQUE GUERRA OÑATE | F9: INTERVENTOR: | K9: FECHA | L9: 45274
A10: SUPERVISION: | C10: ING. FRANCY HERNANDEZ ARRIETA | F10: CONTRATO Nro: | H10: MC 22 DE 2023
A12: CAPITULO | C12: INP 12 | J12: UNIDAD | L12: ML
A13: ITEM | C13: Suministro e instalacion de tuberia de cobre de 3/8 + recubrimiento con rubatex
A17: DESCRIPCIÓN | F17: MARCA | H17: TIPO | J17: TARIFA/HORA | K17: RENDIMIENTO | M17: Vr. UNITARIO
A18: HERRAMAMIENTAS MENORES 10% M.O | J18: 0.1 | M18: =+J18*M54 -> 1364
A22: SUBTOTAL $ | M22: =+SUM(M18:M21) -> 1364
A23: II. MATERIALES
A26: DESCRIPCIÓN | I26: UNIDAD | J26: CANTIDAD | K26: PRECIO UNIT. | M26: Vr. UNITARIO
A27: TUBERIA AIRE ACONDICIONADO 1/4 + 3/8 + RUBATEX | I27: ML | J27: 1 | K27: 55000 | M27: =+K27/J27 -> 55000
M28: =J28*K28 -> 0
M29: =J29*K29 -> 0
M30: 0
M31: 0
M32: 0
M33: 0
M34: 0
A35: INVERSION MEDIUDAS DE MANEJO 2% CD | M35: =+SUM(M27:M28)*0.02 -> 1100
A36: SUBTOTAL $ | M36: =+SUM(M27:M35) -> 56100
A37: III. TRANSPORTES
A40: MATERIAL | H40: VOL. o PESO | I40: DISTANCIA | J40: M3 o Ton/Km | K40: TARIFA | M40: Vr. UNITARIO
M41: 0
M42: 0
M43: =IF(K43>0,ROUND(J43*K43,0),0) -> 0
M44: =IF(K44>0,ROUND(J44*K44,0),0) -> 0
A45: SUBTOTAL $
A46: IV. MANO DE OBRA
A49: TRABAJADOR | H49: JORNAL | I49: PRESTACIONES | J49: JORNAL TOTAL | K49: RENDIMIENTO | M49: Vr. UNITARIO
A50: OFICIAL | H50: 65000 | I50: 0.86 | J50: =+ROUND(H50*(1+I50),0) -> 120900 | K50: 15 | M50: =IF(K50>0,ROUND(J50/K50,0),0) -> 8060
A51: AYUDANTE | H51: 45000 | I51: 0.86 | J51: =+ROUND(H51*(1+I51),0) -> 83700 | K51: 15 | M51: =IF(K51>0,ROUND(J51/K51,0),0) -> 5580
A54: SUBTOTAL $ | M54: =+SUM(M50:M53) -> 13640
A56: TOTAL COSTO DIRECTO $ | M56: =+M22+M36+M45+M54 -> 71104
A58: PRECIO UNITARIO TOTAL APROXIMADO AL PESO | M58: =ROUNDUP(M56,0) -> 71104
A62: CONTRATISTA | G62: SUPERVISOR DEL CONTRATO
A63: NOMBRE | B63: ING. OSCAR ENRIQUE GUERRA OÑATE | G63: NOMBRE | I63: FRANCY LORENA HERNANDEZ ARRIETA
A64: FIRMA | G64: FIRMA
G66: REVISION

Sheet APU NP13
D3: ANALISIS DE PRECIOS UNITARIOS
D4: "MANTENIMIENTO, ADECUACIONES Y REPARACIONES LOCATIVAS A LA TORRE ABC Y PLAZA DE BANDERAS DEL PALACIO DE JUSTICIA DE SINCELEJO"
A8: CONTRATISTA: | C8: ING. OSCAR ENRIQUE GUERRA OÑATE | F8: INTERVENTOR: | K8: FECHA | L8: 45274
A9: SUPERVISION: | C9: ING. FRANCY HERNANDEZ ARRIETA | F9: CONTRATO Nro: | H9: MC 22 DE 2023
A11: CAPITULO | C11: INP 13 | J11: UNIDAD | L11: UND
A12: ITEM | C12: Punto hidraulico para desagüe de aire acondicionado, incluye cajuela, tuberia hidraulica en 3/4"
A16: DESCRIPCIÓN | F16: MARCA | H16: TIPO | J16: TARIFA/HORA | K16: RENDIMIENTO | M16: Vr. UNITARIO
A17: HERRAMAMIENTAS MENORES 10% M.O | J17: 0.03 | M17: =+J17*M52 -> 1227.6
A21: SUBTOTAL $ | M21: =+SUM(M17:M20) -> 1227.6
A22: II. MATERIALES
A25: DESCRIPCIÓN | I25: UNIDAD | J25: CANTIDAD | K25: PRECIO UNIT. | M25: Vr. UNITARIO
A26: TUBERIA PRESION 3/4 RDE21 | I26: ML | J26: 2.2 | K26: 4183.5 | M26: =J26*K26 -> 9203.7
A27: CODO PRESION 3/4" | I27: UND | J27: 3 | K27: 950 | M27: =J27*K27 -> 2850
A28: SOLDADURA PVC X 1/4 | I28: UND | J28: 0.012 | K28: 89508 | M28: =J28*K28 -> 1074.096
A29: LIMPIADOR X 1/4 | I29: UND | J29: =+J28 -> 0.012 | K29: 43159 | M29: =J29*K29 -> 517.908
A30: RUBATEX 3/4 | I30: ML | J30: 2.2 | K30: 4333 | M30: =J30*K30 -> 9532.6
A31: ACCESORIOS | I31: GBL | J31: 1 | K31: 1000 | M31: =J31*K31 -> 1000
A32: DESPERDICIOS | I32: % | J32: 0.03 | M32: =+SUM(M26:M31)*J32 -> 725.34912
M33: 0
A34: SUBTOTAL $ | M34: =+SUM(M26:M33) -> 24903.653
A35: III. TRANSPORTES
A38: MATERIAL | H38: VOL. o PESO | I38: DISTANCIA | J38: M3 o Ton/Km | K38: TARIFA | M38: Vr. UNITARIO
M39: 0
M40: 0
M41: =IF(K41>0,ROUND(J41*K41,0),0) -> 0
M42: =IF(K42>0,ROUND(J42*K42,0),0) -> 0
A43: SUBTOTAL $
A44: IV. MANO DE OBRA
A47: TRABAJADOR | H47: JORNAL | I47: PRESTACIONES | J47: JORNAL TOTAL | K47: RENDIMIENTO | M47: Vr. UNITARIO
A48: OFICIAL | H48: 65000 | I48: 0.86 | J48: =+ROUND(H48*(1+I48),0) -> 120900 | K48: 5 | M48: =IF(K48>0,ROUND(J48/K48,0),0) -> 24180
A49: AYUDANTE | H49: 45000 | I49: 0.86 | J49: =+ROUND(H49*(1+I49),0) -> 83700 | K49: 5 | M49: =IF(K49>0,ROUND(J49/K49,0),0) -> 16740
A52: SUBTOTAL $ | M52: =+SUM(M48:M51) -> 40920
A54: TOTAL COSTO DIRECTO $ | M54: =+M21+M34+M43+M52 -> 67051.253
A56: PRECIO UNITARIO TOTAL APROXIMADO AL PESO | M56: =ROUNDUP(M54,0) -> 67052
A60: CONTRATISTA | G60: SUPERVISOR DEL CONTRATO
A61: NOMBRE | B61: ING. OSCAR ENRIQUE GUERRA OÑATE | G61: NOMBRE | I61: FRANCY LORENA HERNANDEZ ARRIETA
A62: FIRMA | G62: FIRMA
G64: REVISION

Sheet APU NP14
D4: ANALISIS DE PRECIOS UNITARIOS
D5: "MANTENIMIENTO, ADECUACIONES Y REPARACIONES LOCATIVAS A LA TORRE ABC Y PLAZA DE BANDERAS DEL PALACIO DE JUSTICIA DE SINCELEJO"
A9: CONTRATISTA: | C9: ING. OSCAR ENRIQUE GUERRA OÑATE | F9: INTERVENTOR: | K9: FECHA | L9: 45274
A10: SUPERVISION: | C10: ING. FRANCY HERNANDEZ ARRIETA | F10: CONTRATO Nro: | H10: MC 22 DE 2023
A12: CAPITULO | C12: INP 14 | J12: UNIDAD | L12: UND
A13: ITEM | C13: Suministro e instalacion de conductor CU Calibre 1x8F+1x8N+1X12T O -220v acometida de aire acondicionado, incluye cajuela+ tuberia 3/4"
A17: DESCRIPCIÓN | F17: MARCA | H17: TIPO | J17: TARIFA/HORA | K17: RENDIMIENTO | M17: Vr. UNITARIO
A18: HERRAMAMIENTAS MENORES 10% M.O | J18: 0.1 | M18: =+J18*M34 -> 381.37
A21: SUBTOTAL $ | M21: =+SUM(M18:M20) -> 381.37
A22: II. MATERIALES
A25: DESCRIPCIÓN | I25: UNIDAD | J25: CANTIDAD | K25: PRECIO UNIT. | M25: Vr. UNITARIO
A26: ADAPTADOR TERM CONDUIT 1/2`` | I26: UND | J26: 1 | K26: 490 | M26: =ROUND(J26*K26,2) -> 490
A27: LIMPIADOR REM.PVC 760 GR. | I27: UND | J27: 0.01 | K27: 34886.36 | M27: =ROUND(J27*K27,2) -> 348.86
A28: SOLDADURA PVC LIQUIDA 1/4 | I28: UND | J28: 0.01 | K28: 91020.946 | M28: =ROUND(J28*K28,2) -> 910.21
A29: TUBERIA CONDUIT CONDUIT DE 1/2`` L=3.0 M. | I29: UND | J29: 0.3 | K29: 6882.09 | M29: =ROUND(J29*K29,2) -> 2064.63
M30: 0
M31: 0
M32: 0
M33: 0
A34: SUBTOTAL $ | M34: =+SUM(M26:M33) -> 3813.7
A35: III. TRANSPORTES
A38: MATERIAL | H38: VOL. o PESO | I38: DISTANCIA | J38: M3 o Ton/Km | K38: TARIFA | M38: Vr. UNITARIO
M39: 0
M40: 0
M41: =IF(K41>0,ROUND(J41*K41,0),0) -> 0
M42: =IF(K42>0,ROUND(J42*K42,0),0) -> 0
A43: SUBTOTAL $
A44: IV. MANO DE OBRA
A47: TRABAJADOR | H47: JORNAL | I47: PRESTACIONES | J47: JORNAL TOTAL | K47: RENDIMIENTO | M47: Vr. UNITARIO
A48: OFICIAL | H48: 120000 | I48: 0.86 | J48: =+ROUND(H48*(1+I48),0) -> 223200 | K48: 13.5 | M48: =IF(K48>0,ROUND(J48/K48,0),0) -> 16533
A51: SUBTOTAL $ | M51: =+SUM(M48:M50) -> 16533
A53: TOTAL COSTO DIRECTO $ | M53: =+M21+M34+M43+M51 -> 20728.07
A55: PRECIO UNITARIO TOTAL APROXIMADO AL PESO | M55: =ROUNDUP(M53,0) -> 20729
A59: CONTRATISTA | G59: SUPERVISOR DEL CONTRATO
A60: NOMBRE | B60: ING. OSCAR ENRIQUE GUERRA OÑATE | G60: NOMBRE | I60: FRANCY LORENA HERNANDEZ ARRIETA
A61: FIRMA | G61: FIRMA
G63: REVISION

Sheet APU NP15
D4: ANALISIS DE PRECIOS UNITARIOS
D5: "MANTENIMIENTO, ADECUACIONES Y REPARACIONES LOCATIVAS A LA TORRE ABC Y PLAZA DE BANDERAS DEL PALACIO DE JUSTICIA DE SINCELEJO"
A9: CONTRATISTA: | C9: ING. OSCAR ENRIQUE GUERRA OÑATE | F9: INTERVENTOR: | K9: FECHA | L9: 45274
A10: SUPERVISION: | C10: ING. FRANCY HERNANDEZ ARRIETA | F10: CONTRATO Nro: | H10: MC 22 DE 2023
A12: CAPITULO | C12: INP 15 | J12: UNIDAD | L12: ML
A13: ITEM | C13: Estructura de contención
A17: DESCRIPCIÓN | F17: MARCA | H17: TIPO | J17: TARIFA/HORA | K17: RENDIMIENTO | M17: Vr. UNITARIO
A18: HERRAMAMIENTAS MENORES 10% M.O | J18: 0.1 | M18: 19220
A19: FORMALETA DE MADERA PARA VIGA | J19: 18000 | K19: 6 | M19: 3000
A22: SUBTOTAL $ | M22: =+SUM(M18:M21) -> 22220
A23: II. MATERIALES
A26: DESCRIPCIÓN | I26: UNIDAD | J26: CANTIDAD | K26: PRECIO UNIT. | M26: Vr. UNITARIO
A27: Bloque 0,15 estructural (Muro h = 1,50m) | I27: und | J27: 18.75 | K27: 3500 | M27: 65625
A28: mortero de pega 1:4 | I28: m2 | J28: 0.42 | K28: 23210 | M28: 9748.2
A29: pañete liso 1:4 | I29: m2 | J29: 1.5 | K29: 23210 | M29: 15473.333
A30: impermeabilizante para mortero sika-1 aditivo impermeabilizante | I30: GLN | J30: 0.15 | K30: 87900 | M30: 13185
A31: Concreto de 3000 psi para viga | I31: M3 | J31: 0.06 | K31: 371000 | M31: 22260
A32: ACERO DE REFUERZO FY=420 MPA (ACERO DE LOG 1/2", ESTRIBOS 3/8") | I32: KG | J32: 5 | K32: 2433.3333 | M32: 12166.667
M33: 0
M34: 0
A35: INVERSION MEDIUDAS DE MANEJO 2% CD | M35: 6922.91
A40: SUBTOTAL $ | M40: =+SUM(M27:M39) -> 145381.11
A41: III. TRANSPORTES
A44: MATERIAL | H44: VOL. o PESO | I44: DISTANCIA | J44: M3 o Ton/Km | K44: TARIFA | M44: Vr. UNITARIO
M45: 0
M46: 0
M47: =IF(K47>0,ROUND(J47*K47,0),0) -> 0
M48: =IF(K48>0,ROUND(J48*K48,0),0) -> 0
A49: SUBTOTAL $
A50: IV. MANO DE OBRA
A53: TRABAJADOR | H53: JORNAL | I53: PRESTACIONES | J53: JORNAL TOTAL | K53: RENDIMIENTO | M53: Vr. UNITARIO
A54: OFICIAL | H54: 65000 | I54: 0.86 | J54: =+ROUND(H54*(1+I54),0) -> 120900 | K54: 1.5 | M54: =IF(K54>0,ROUND(J54/K54,0),0) -> 80600
A55: 2 AYUDANTE | H55: 90000 | I55: 0.86 | J55: =+ROUND(H55*(1+I55),0) -> 167400 | K55: 1.5 | M55: =IF(K55>0,ROUND(J55/K55,0),0) -> 111600
A58: SUBTOTAL $ | M58: =+SUM(M54:M57) -> 192200
A60: TOTAL COSTO DIRECTO $ | M60: =+M22+M40+M49+M58 -> 359801.11
A62: PRECIO UNITARIO TOTAL APROXIMADO AL PESO | M62: =ROUNDUP(M60,0) -> 359802
A65: CONTRATISTA | G65: SUPERVISOR DEL CONTRATO
A66: NOMBRE | B66: ING. OSCAR ENRIQUE GUERRA OÑATE | G66: NOMBRE | I66: FRANCY LORENA HERNANDEZ ARRIETA
A67: FIRMA | G67: FIRMA
G69: REVISION
